Map: Blackburn LE

Players

Pumba - Winner!

  • Race: Zerg Zerg
  • League: Diamond
  • Spawn Location: 7:00

GoodVibes

  • Race: Protoss Protoss
  • League: Master
  • Spawn Location: 5:00

VOD

Have the link to the VOD?

Description

Time

  • Played on: Aug. 31, 2021, 7:58 p.m.
  • Length: 16:11
Show
View Real Time Build Order
Export as new Build Order

Pumba Zerg - Winner!

Build Orders: Pool First 

Get SALT Encoding   

  12  0:00  Drone  
  13  0:12  Overlord  
  13  0:16  Drone  
  14  0:31  Drone  
  14  0:32  Drone  
  16  0:44  Drone  
  16  0:45  Extractor  
  16  0:47  Spawning Pool  
  15  0:50  Drone  
  16  0:57  Drone  
  17  1:11  Drone  
  18  1:22  Hatchery  
  18  1:25  Drone  
  18  1:36  Queen  
  20  1:40  Zergling x2  
  20  1:44  Drone  
  22  1:52  Metabolic Boost  
  22  1:57  Overlord  
  22  2:15  Queen  
  22  2:17  Drone x2  
  26  2:23  Zergling x2  
  27  2:34  Lair  
  27  2:35  Extractor  
  26  2:37  Drone x2  
  28  2:50  Drone x2  
  30  2:55  Drone x2  
  30  2:56  Drone  
  33  3:00  Overlord  
  33  3:07  Zergling x2  
  33  3:08  Zergling x2  
  35  3:19  Overlord  
  35  3:23  Drone x2  
  37  3:27  Drone  
  37  3:28  Drone x2  
  40  3:36  Drone  
  40  3:38  Drone x2  
  40  3:39  Drone x2  
  45  3:45  Spire  
  44  4:01  Drone x7  
  51  4:06  Overlord  
  51  4:17  Hatchery  
  51  4:20  Extractor, Overlord  
  51  4:21  Extractor  
  48  4:26  Queen  
  50  4:33  Drone x2  
  50  4:35  Overlord  
  50  4:36  Overlord  
  52  4:39  Drone x3  
  54  4:52  Overlord x2  
  54  4:58  Spore Crawler  
  53  5:10  Overlord  
  51  5:15  Mutalisk x6  
  51  5:16  Mutalisk  
  65  5:25  Zergling x2  
  66  5:38  Drone x6  
  72  5:43  Queen  
  72  5:49  Overseer  
  74  5:54  Drone x6  
  80  5:58  Hatchery  
  78  6:10  Drone x4  
  82  6:22  Drone x12  
  94  6:36  Extractor x2  
  92  6:42  Zerg Flyer Weapons Level 1  
  92  6:44  Drone x3, Hatchery  
  92  6:45  Extractor  
  92  6:46  Extractor  
  92  6:47  Extractor x2  
  92  6:50  Drone x3  
  92  6:51  Drone  
  93  6:58  Drone x2  
  95  7:04  Evolution Chamber  
  95  7:05  Evolution Chamber  
  95  7:07  Baneling Nest  
  92  7:08  Spore Crawler  
  91  7:17  Overlord x2  
  91  7:18  Overlord x2  
  91  7:24  Corruptor x6  
  103  7:38  Corruptor x4  
  111  7:46  Corruptor x2  
  111  7:49  Corruptor x3  
  121  7:53  Spore Crawler  
  121  7:55  Corruptor  
  116  8:11  Corruptor x4  
  116  8:17  Corruptor x2  
  110  8:25  Corruptor x2  
  102  8:33  Corruptor  
  102  8:34  Corruptor  
  98  8:47  Hatchery  
  95  8:52  Corruptor x3  
  101  9:01  Queen  
  101  9:02  Extractor  
  102  9:05  Corruptor  
  102  9:06  Corruptor  
  106  9:10  Zerg Flyer Armor Level 1  
  106  9:16  Drone x3  
  109  9:17  Drone x3  
  112  9:44  Zerg Ground Armor Level 1, Centrifugal Hooks, Zerg Melee Weapons Level 1  
  112  9:46  Drone x7  
  112  9:48  Overlord x3  
  112  9:49  Overlord  
  119  10:00  Queen  
  119  10:01  Hatchery  
  120  10:08  Zergling x4  
  120  10:09  Zergling x14  
  129  10:24  Zergling x18  
  126  10:38  Zergling x24  
  138  10:52  Spire  
  138  10:53  Infestation Pit  
  136  11:03  Baneling x17  
  136  11:04  Baneling x2  
  136  11:06  Baneling  
  136  11:07  Baneling x23  
  136  11:08  Zergling x2  
  136  11:09  Zergling x6  
  140  11:20  Zerg Flyer Weapons Level 2  
  140  11:25  Drone x3  
  143  11:26  Drone x2  
  143  11:27  Drone x6  
  150  11:37  Extractor x2  
  116  11:59  Hive  
  116  12:03  Mutalisk x13  
  116  12:04  Mutalisk x4  
  149  12:11  Mutalisk x2  
  149  12:12  Mutalisk x2  
  149  12:14  Overlord  
  157  12:21  Baneling x7  
  157  12:25  Mutalisk x3  
  161  12:36  Mutalisk x7  
  147  12:46  Corruptor x3  
  153  12:54  Zerg Flyer Armor Level 2  
  152  13:03  Zergling x26  
  163  13:19  Zergling x22  
  170  13:34  Baneling x18  
  170  13:36  Baneling x8  
  170  13:40  Overlord x2  
  170  13:41  Overlord x4  
  150  14:13  Corruptor x9  
  150  14:26  Zergling x16  
  150  14:27  Zergling x6  
  152  14:43  Corruptor x7  
  163  15:02  Mutalisk x8  
  163  15:05  Mutalisk  
  180  15:17  Drone x9  
  180  15:18  Drone x3  
  179  15:22  Drone x2  
  179  15:23  Drone  
Show
View Real Time Build Order
Export as new Build Order

GoodVibes Protoss 

Build Orders:  

Get SALT Encoding   

  12  0:00  Probe  
  13  0:12  Probe  
  14  0:17  Pylon  
  14  0:24  Probe (Chrono Boost)  
  15  0:36  Probe (Chrono Boost)  
  16  0:45  Probe (Chrono Boost)  
  17  0:51  Probe  
  18  1:03  Probe  
  19  1:08  Nexus  
  19  1:18  Forge  
  19  1:27  Pylon  
  19  1:28  Probe (Chrono Boost)  
  20  1:38  Probe (Chrono Boost)  
  21  1:41  Gateway  
  22  1:50  Photon Cannon  
  22  1:53  Probe  
  22  2:00  Assimilator  
  22  2:03  Assimilator  
  22  2:13  Gateway  
  22  2:15  Probe (Chrono Boost)  
  24  2:26  Probe (Chrono Boost)  
  24  2:27  Probe (Chrono Boost)  
  25  2:31  Cybernetics Core  
  25  2:33  Zealot  
  25  2:36  Probe  
  28  2:40  Probe  
  29  2:48  Probe  
  30  2:51  Assimilator  
  30  2:52  Probe  
  31  3:00  Probe  
  31  3:03  Photon Cannon  
  33  3:09  Stargate  
  33  3:11  Probe  
  33  3:14  Probe  
  33  3:22  Shield Battery  
  33  3:23  Probe  
  34  3:32  Gateway  
  34  3:33  Probe  
  33  3:37  Probe  
  34  3:45  Probe  
  35  3:49  Probe  
  35  3:50  Void Ray (Chrono Boost)  
  40  3:57  Probe  
  40  4:00  Stargate  
  40  4:02  Probe  
  42  4:09  Probe, Pylon  
  43  4:14  Probe  
  43  4:16  Gateway  
  44  4:21  Probe  
  45  4:25  Void Ray (Chrono Boost)  
  45  4:26  Probe  
  45  4:29  Pylon  
  50  4:34  Probe  
  50  4:37  Assimilator  
  51  4:47  Void Ray (Chrono Boost)  
  51  4:49  Protoss Air Weapons Level 1 (Chrono Boost)  
  51  4:51  Probe  
  56  4:54  Pylon  
  56  4:58  Nexus  
  56  5:03  Pylon  
  56  5:08  Void Ray (Chrono Boost)  
  56  5:11  Probe  
  60  5:17  Probe  
  61  5:21  Fleet Beacon  
  61  5:27  Probe  
  62  5:36  Photon Cannon  
  62  5:38  Probe, Photon Cannon  
  62  5:39  Probe  
  62  5:42  Void Ray (Chrono Boost)  
  64  5:49  Shield Battery, Void Ray (Chrono Boost)  
  68  5:55  Probe  
  68  5:56  Probe  
  73  6:11  Phoenix (Chrono Boost)  
  60  6:19  Phoenix (Chrono Boost), Probe  
  60  6:20  Probe  
  60  6:28  Probe  
  60  6:31  Probe  
  60  6:32  Probe  
  61  6:33  Phoenix (Chrono Boost)  
  63  6:40  Probe  
  63  6:44  Probe x2  
  67  6:56  Probe x2  
  67  6:57  Phoenix (Chrono Boost)  
  67  6:58  Probe  
  73  7:09  Probe x2  
  73  7:11  Probe  
  73  7:12  Phoenix (Chrono Boost)  
  76  7:21  Probe x2  
  78  7:23  Probe  
  78  7:26  Phoenix (Chrono Boost)  
  81  7:33  Probe x2  
  81  7:36  Phoenix (Chrono Boost)  
  85  7:40  Pylon  
  85  7:43  Probe  
  86  7:45  Probe x2  
  88  7:55  Probe  
  88  7:57  Probe x2  
  91  8:07  Probe  
  91  8:09  Probe  
  91  8:12  Phoenix x2  
  87  8:27  Probe x3  
  74  8:39  Probe x3  
  77  8:46  Assimilator  
  75  8:49  Void Ray (Chrono Boost)  
  75  8:51  Probe x2, Assimilator  
  75  8:53  Void Ray (Chrono Boost), Stargate  
  75  8:55  Stargate  
  81  8:58  Nexus  
  81  9:00  Pylon  
  81  9:01  Pylon  
  81  9:02  Probe  
  86  9:03  Probe x2  
  86  9:04  Assimilator  
  86  9:08  Assimilator  
  88  9:12  Protoss Air Weapons Level 2 (Chrono Boost)  
  88  9:14  Probe  
  88  9:15  Probe  
  88  9:16  Probe  
  91  9:19  Void Ray (Chrono Boost)  
  95  9:26  Void Ray (Chrono Boost)  
  97  9:42  Probe x3  
  97  9:43  Void Ray x2 (Chrono Boost)  
  96  9:50  Flux Vanes  
  104  9:53  Void Ray (Chrono Boost)  
  104  9:54  Probe x3  
  104  9:57  Void Ray (Chrono Boost)  
  115  10:03  Photon Cannon  
  115  10:06  Probe x2  
  117  10:10  Probe  
  117  10:11  Pylon  
  117  10:13  Void Ray  
  122  10:14  Photon Cannon, Pylon  
  122  10:16  Pylon  
  122  10:18  Probe x2  
  122  10:21  Void Ray  
  124  10:23  Void Ray (Chrono Boost)  
  112  10:40  Void Ray (Chrono Boost)  
  116  10:46  Photon Cannon  
  116  10:48  Void Ray (Chrono Boost), Photon Cannon  
  116  10:50  Photon Cannon x2  
  116  10:55  Void Ray (Chrono Boost)  
  120  10:57  Void Ray (Chrono Boost)  
  120  11:01  Nexus, Pylon  
  128  11:06  Stargate  
  128  11:09  Assimilator  
  128  11:10  Void Ray (Chrono Boost)  
  132  11:13  Assimilator  
  132  11:17  Void Ray  
  140  11:32  Void Ray  
  135  11:40  Protoss Air Weapons Level 3 (Chrono Boost)  
  135  11:52  Probe x3  
  135  11:53  Probe  
  118  12:02  Void Ray x2  
  118  12:04  Void Ray, Probe x3  
  118  12:05  Probe  
  134  12:14  Probe  
  135  12:16  Probe x2  
  135  12:17  Void Ray (Chrono Boost), Probe x2  
  147  12:27  Void Ray (Chrono Boost)  
  147  12:28  Probe x2  
  133  12:39  Phoenix x2 (Chrono Boost)  
  133  12:42  Phoenix (Chrono Boost)  
  118  12:49  Probe x4  
  118  12:50  Phoenix (Chrono Boost)  
  110  12:54  Probe  
  113  13:01  Probe (Chrono Boost)  
  113  13:04  Probe (Chrono Boost), Pylon x2  
  111  13:08  Phoenix x2, Probe x2 (Chrono Boost)  
  111  13:12  Probe (Chrono Boost)  
  119  13:13  Probe (Chrono Boost)  
  119  13:15  Probe (Chrono Boost)  
  119  13:18  Probe x2 (Chrono Boost)  
  121  13:20  Phoenix  
  109  13:34  Pylon x2  
  109  13:35  Phoenix  
  109  13:36  Phoenix  
  109  13:37  Probe x2 (Chrono Boost)  
  109  13:39  Probe (Chrono Boost)  
  109  13:40  Phoenix x2  
  109  13:41  Probe (Chrono Boost)  
  118  13:42  Probe (Chrono Boost)  
  118  13:45  Phoenix  
  122  13:51  Probe (Chrono Boost), Photon Cannon  
  122  13:52  Probe x3 (Chrono Boost)  
  122  13:53  Probe (Chrono Boost), Photon Cannon  
  125  13:55  Photon Cannon  
  125  13:57  Photon Cannon  
  125  13:59  Probe x2  
  125  14:00  Phoenix  
  125  14:01  Phoenix  
  101  14:05  Phoenix  
  89  14:15  Phoenix x2  
  78  14:25  Phoenix  
  78  14:27  Zealot, Probe x2  
  78  14:28  Probe x3  
  86  14:39  Void Ray, Probe  
  86  14:40  Probe x3  
  86  14:44  Probe  
  95  14:51  Probe  
  95  14:52  Probe x3  
  99  14:54  Zealot  
  99  14:56  Probe  
  102  15:00  Void Ray  
  102  15:04  Probe x2  
  108  15:11  Void Ray  
Tags
 
Add a new tag
Caveats
  • Supply blocks, unpowered buildings, or Contaminate may cause inaccurate times.
  • Supply counts are checked every 10 seconds.